 Dungeon Crawl Stone Soup version 0.28.0-53-g5a82cb258f (webtiles) character file.

Game seed: 6615581881795192903

1249 jjjjhere the Grappler (level 8, -2/72 (79) HPs)
             Began as a Troll Artificer on July 16, 2022.
             Was a Believer of Okawaru.
             Slain by a wight
             ... wielding a +2 spear of freezing
              (5 damage)
             ... on level 6 of the Dungeon.
             The game lasted 00:08:33 (5721 turns).

jjjjhere the Grappler (Troll Artificer)             Turns: 5721, Time: 00:08:33

HP:   -2/72 (79)    AC:  5    Str: 23    XL:     8   Next: 26%
MP:   7/7           EV: 10    Int:  7    God:    Okawaru [**....]
Gold: 123           SH:  0    Dex: 10    Spells: 7/7 levels left

rFire   . . .      SeeInvis .     - Unarmed
rCold   . . .      Faith    .   (no shield)
rNeg    . . .      Spirit   .   b - +1 robe
rPois   +          Reflect  .   (helmet restricted)
rElec   .          Harm     .   (no cloak)
rCorr   .          Rampage  .   (gloves unavailable)
Will    .....                   (boots unavailable)
Stlth   +.........              (no amulet)
HPRegen 1.02/turn               q - ring of poison resistance
MPRegen 0.10/turn               (no ring)

@: confused, drained
A: large, unfitting armour, claws 3, regeneration 1, shaggy fur 1, tough skin 1
a: Renounce Religion, Heroism


You were on level 6 of the Dungeon.
You worshipped Okawaru.
Okawaru was pleased with you.
You visited 1 branch of the dungeon, and saw 7 of its levels.

You collected 321 gold pieces.
You spent 198 gold pieces at shops.

Inventory:

Missiles
 r - 11 poisoned darts
Armour
 b - a +1 robe (worn)
Jewellery
 i - an amulet of reflection
 n - a +4 ring of evasion
 q - a ring of poison resistance (left claw)
Wands
 c - a wand of flame (14) (quivered)
 d - a wand of charming (15)
 k - a wand of paralysis (4)
Scrolls
 f - a scroll of identify
 h - 2 scrolls of fear
 l - a scroll of vulnerability
 m - a scroll of immolation
 p - a scroll of enchant armour
Potions
 a - a potion of resistance {unknown}
 g - 2 potions of flight
 j - a potion of cancellation
 o - a potion of might
 t - a potion of mutation
 v - 2 potions of lignification
 w - a potion of brilliance
Miscellaneous
 e - a piece from Xom's chessboard (1/15)


   Skills:
 + Level 4.6 Fighting
 - Level 1.9 Dodging
 - Level 0.3 Stealth
 * Level 8.0 Unarmed Combat
 + Level 0.5 Invocations
 - Level 2.1 Evocations


You had 7 spell levels left.
You didn't know any spells.
Your spell library contained the following spells:

 Spells                   Type           Power      Damage    Failure   Level
 Static Discharge         Conj/Air       0%         N/A       56%         2
 Ignite Poison            Fire/Tmut/Pois 0%         N/A       80%         3
 Mephitic Cloud           Conj/Pois/Air  0%         N/A       80%         3
 Dispel Undead            Necr           0%         3d6       99%         4
 Sticky Flame             Conj/Fire      0%         2d3       99%         4
 Freezing Cloud           Conj/Ice/Air   0%         6-21      100%        5


Dungeon Overview and Level Annotations

Branches:
Dungeon (7/15)
 Temple: D:4-7

Altars:
Ashenzari
Gozag
Okawaru
Sif Muna
Vehumet

Shops:
D:3 (   D:5 *


Innate Abilities, Weirdness & Mutations

You are too large for most types of armour.
You have claws for hands.
Your natural rate of healing is unusually fast.
You are covered in fur. (AC +1)
You have tough skin. (AC +1)


Message History

The wight freezes you.
* * * LOW HITPOINT WARNING * * *
Things that are here:
a +5 dire flail; a +0 robe You flicker for a moment.
You flicker back into view.
You make a move on Xom's chessboard...
The wight resists with significant effort.
You make a move on Xom's chessboard...
The wight is outlined in light.
The wight hits you from afar with a +4 spear of freezing!
The wight freezes you.
You make a move on Xom's chessboard...
The wight is outlined in light.
The wight hits you from afar with a +4 spear of freezing.
The wight freezes you.
Aiming: Paralyse
Press: ? - help, Shift-Dir - straight line, f - wight
Aim: a wight, wielding a +4 spear of freezing and wearing a +0 robe (softly glowing, chance to affect: 54%)
The wight suddenly stops moving!
The wight hits you from afar with a +2 spear of freezing!
* * * LOW HITPOINT WARNING * * *
You feel drained.
* * * LOW HITPOINT WARNING * * *
The wight freezes you.
* * * LOW HITPOINT WARNING * * *
Sif Muna's wrath finds you.
You are confused.
You bump into the rock wall.
The wight hits you but does no damage.
You scratch the wight but do no damage.
The wight hits you from afar with a +2 spear of freezing.
* * * LOW HITPOINT WARNING * * *
The wight freezes you.
* * * LOW HITPOINT WARNING * * *
You bump into the rock wall.
The wight closely misses you.
You bump into the rock wall.
The wight hits you from afar with a +2 spear of freezing!
* * * LOW HITPOINT WARNING * * *
You feel drained.
* * * LOW HITPOINT WARNING * * *
The wight freezes you.
You die...

......#.######....#
........# ##.####
......### #..##
#####.# #...#
..###.# #.#.##
.)....# #.#..#
....### #.##.#
......## #.##.#
.......## .. #@#
.>###...# ##.# #z#
### #.#.# #.. #z#
#...###.# #.#
###...#.# #.#
#.....####.#
##..z...##.##
######.....#
#z....#


You could see 2 wights.

Vanquished Creatures
  An ice beast (D:5)
  A black bear (D:4)
  A centaur (D:6)
  A kobold brigand (D:5)
  2 scorpions
  A wight (D:6)
  A howler monkey (D:5)
  A hound (D:4)
  A jelly (D:5)
  3 bullfrog skeletons
  A gnoll shaman (D:5)
  4 orc priests
  3 iguanas
  3 orc wizards
  A howler monkey zombie (D:7)
  10 adders
  4 gnolls
  A shadow imp (D:5)
  A white imp (D:6)
  2 adder skeletons (D:4)
  2 worms
  6 dart slugs
  10 orcs
  11 bats
  5 endoplasms
  2 giant cockroaches (D:1)
  4 hobgoblins
  4 jackals
  5 quokkas
  5 ball pythons
  3 frilled lizards
  6 goblins
  13 kobolds
  5 rats
124 creatures vanquished.

Notes
Turn   | Place    | Note
-------+----------+-------------------------------------------
     0 | D:1      | jjjjhere the Troll Artificer began the quest for the Orb.
     0 | D:1      | Reached XP level 1. HP: 18/18 MP: 0/0
    40 | D:1      | Reached skill level 1 in Fighting
    82 | D:1      | Reached skill level 1 in Unarmed Combat
   133 | D:1      | Reached XP level 2. HP: 27/27 MP: 1/1
   281 | D:1      | Found a faded altar of an unknown god.
   321 | D:1      | Prayed at the altar of an unknown god.
   321 | D:1      | Became a worshipper of Sif Muna the Loreminder
   321 | D:1      | Reached * piety under Sif Muna
   335 | D:1      | Fell from the grace of Sif Muna
   380 | D:1      | Reached skill level 2 in Unarmed Combat
   619 | D:1      | Reached XP level 3. HP: 33/33 MP: 2/2
  1133 | D:2      | Reached skill level 3 in Unarmed Combat
  1133 | D:2      | Reached XP level 4. HP: 42/42 MP: 3/3
  1494 | D:3      | Found Duhitoxo's Antique Weapon Shoppe.
  1839 | D:3      | Found an opulent altar of Gozag.
  1839 | D:3      | Found an iron altar of Okawaru.
  1842 | D:3      | Became a worshipper of Warmaster Okawaru
  1918 | D:3      | Reached XP level 5. HP: 49/49 MP: 4/4
  2048 | D:4      | Reached skill level 4 in Unarmed Combat
  2094 | D:4      | Found a broken altar of Ashenzari.
  2289 | D:4      | Found a radiant altar of Vehumet.
  2468 | D:4      | Reached XP level 6. HP: 59/59 MP: 5/5
  2639 | D:5      | Entered Level 5 of the Dungeon
  2877 | D:5      | Reached skill level 5 in Unarmed Combat
  3124 | D:4      | Reached * piety under Okawaru
  3239 | D:5      | Reached XP level 7. HP: 41/67 MP: 6/6
  3335 | D:5      | Reached skill level 6 in Unarmed Combat
  3846 | D:5      | Found Vikasom's Assorted Antiques.
  3849 | D:5      | Bought a scroll of identify for 36 gold pieces
  3849 | D:5      | Bought a triangular blue amulet for 90 gold pieces
  3849 | D:5      | Bought a forked brass wand for 72 gold pieces
  4453 | D:6      | Reached skill level 7 in Unarmed Combat
  4506 | D:6      | Identified the -3 cloak of Protective Custody {rC++ rN+
                  | Int-2}
  4768 | D:5      | Reached XP level 8. HP: 79/79 MP: 7/7
  4837 | D:6      | Reached ** piety under Okawaru
  5360 | D:6      | HP: 15/79 [orc warrior/+3 halberd (25)]
  5653 | D:7      | Reached skill level 8 in Unarmed Combat
  5663 | D:7      | HP: 25/79 [something (5)]
  5679 | D:6      | HP: 22/77 [wight/+5 dire flail (6)]
  5681 | D:6      | HP: 4/77 [wight/+4 spear of freezing (9)]
  5681 | D:6      | HP: 1/77 [wight/+4 spear of freezing (3)]
  5688 | D:6      | HP: 22/77 [wight/+2 spear of freezing (6)]
  5717 | D:6      | HP: 20/77 [wight/+2 spear of freezing (9)]
  5721 | D:6      | HP: 5/75 [wight/+2 spear of freezing (11)]
  5721 | D:6      | Slain by a wight

Illustrated notes

Levels and vault maps discovered:
D:1:      minmay_arrival_open_corners, layout_loops_ring,
          basic_ecumenical_altar, hangedman_decor_growths, st_stairs_3
D:2:      layout_loops_corners, patterned_corridor
D:3:      layout_loops_cross, gammafunk_temple_overflow_elements, serial_shops,
          shop
D:4:      layout_rooms, general_overflow_altar,
          mainiacjoe_overflow_surrounded_room
D:5:      layout_basic, serial_shops, kennysheep_mini_moat, nrook_pool_corridor
D:6:      layout_rooms, lemuel_temple_firewalk_b
D:7:      layout_gridville, serial_shops, nicolae_take_the_stairs,
          uniq_crazy_yiuf_cottage

Skill      XL: |  1  2  3  4  5  6  7  8 |
---------------+-------------------------+-----
Fighting       | 1 2 3 4 |  4.6
Unarmed Combat | 1 2 3 4 5 7 8 |  8.0
Dodging        | |  1.9
Stealth        | |  0.3
Invocations    | |  0.5
Evocations     | |  2.1

Action                   |  1- 3 |  4- 6 |  7- 9 || total
-------------------------+-------+-------+-------++-------
Melee: Unarmed           |    88 |   168 |    88 ||   344
       Punch             |     2 |     9 |     4 ||    15
Invok: Renounce Religion |     1 |       |       ||     1
       Heroism           |       |       |     1 ||     1
Evoke: Piece from Xom's  |       |       |    14 ||    14
       Wand              |       |       |     2 ||     2
  Use: Scroll            |       |       |    18 ||    18
       Potion            |       |       |     2 ||     2
 Stab: Sleeping          |     1 |     1 |     1 ||     3
Armor: Robe              |    22 |    51 |    47 ||   120
Dodge: Dodged            |    39 |    98 |    75 ||   212
